 Dungeon Crawl Stone Soup version 0.18-a0-1243-g9e52518 (webtiles) character file.

191 Gagarin the Grave Robber (level 5, -2/28 HPs)
             Began as a Deep Elf Necromancer on Feb 5, 2016.
             Slain by a mummy (17 damage)
             ... in an ossuary.
             The game lasted 00:13:34 (2617 turns).

Gagarin the Grave Robber (Deep Elf Necromancer)     Turns: 2617, Time: 00:13:34

Health: -2/28      AC:  5    Str:  9    XL:     5   Next: 42%
Magic:  8/14       EV: 13    Int: 20    God:
Gold:   148        SH:  0    Dex: 15    Spells: 4 memorised, 2 levels left

rFire  . . .     SeeInvis .     i - +0 dagger (curse)
rCold  . . .     Gourm    .     a - +0 robe
rNeg   . . .     Faith    .     (no shield)
rPois  .         Spirit   .     (no helmet)
rElec  .         Dismiss  .     v - +0 cloak
rCorr  .         Reflect  .     (no gloves)
SustAt .         Harm     .     s - +1 pair of boots
MR     .....                    (no amulet)
Stlth  ++........               (no ring)
                                n - +3 ring of strength

@: not resistant to hostile enchantments, unstealthy
A: no striking features
a: no special abilities


You were in an ossuary.
You were very hungry.

You visited 1 branch of the dungeon, and saw 4 of its levels.
You also visited: Ossuary.

You collected 148 gold pieces.

Inventory:

Hand Weapons
 i - a cursed +0 dagger (weapon)
 m - a +4 quarterstaff of chaos
Armour
 a - a +0 robe (worn)
 s - a +1 pair of boots (worn)
 v - a +0 cloak (worn)
Jewellery
 n - a +3 ring of strength (left hand)
 q - an uncursed ring of fire {unknown}
Potions
 e - a potion of mutation {unknown}
 f - a potion of cure mutation {unknown}
 l - 2 potions of heal wounds {unknown}
 p - a potion of haste {unknown}
 u - a potion of might {unknown}
Books
 b - a book of Necromancy

   Spells                             Type                      Level
   a - Pain                           Necromancy                   1
   b - Animate Skeleton               Necromancy                   1
   c - Vampiric Draining              Necromancy                   3
   d - Regeneration                   Charms/Necromancy            3
   e - Animate Dead                   Necromancy                   4
   f - Control Undead                 Necromancy                   4
Comestibles
 c - 2 bread rations
 d - a meat ration


   Skills:
 + Level 0.2 Fighting
 + Level 2.4 Dodging
 + Level 3.2 Stealth
 + Level 5.4 Spellcasting
 + Level 6.6 Necromancy


You had 2 spell levels left.
You knew the following spells:

 Your Spells              Type           Power        Failure   Level  Hunger
a - Pain                  Necr           ####         1%          1    None
b - Animate Dead          Necr           N/A          10%         4    ####...
c - Vampiric Draining     Necr           ####......   2%          3    ##.....
d - Control Undead        Necr           ####......   10%         4    ####...


Dungeon Overview and Level Annotations

Branches:
Dungeon (4/15)
 Temple: D:4-7

Altars:
Ashenzari

Annotations:
D:2 Sigmund
D:3 Gagarin's ghost, amateur OgWz


Message History

Casting: Control Undead
Confirm with . or Enter, or press ? or * to list all spells.
Your mummy submits to your will.
Your human zombie submits to your will.
You swap places.
Your magical contamination has completely faded away.
You open the door.
Found 2 fuming white potions, 2 sapphire potions and a fizzy cyan potion.
Found three items.
Found 17 stones.
You swap places.
You swap places.
The mummy is no longer charmed.
You start resting.
You barely miss the mummy.
The mummy is heavily damaged.
You closely miss the mummy.
The mummy is heavily damaged.
The mummy hits you!
Ouch! That really hurt!
You die...

######################
#....................#
#....................#
#........8..8........#
#....................#
#...######..######...#
#...#.M..#..# .#...#
#..Z#.#@.#..# .#...#
#.Z.#.####..####.#...#
#...#....M.......#...#
#...#.####.......#...#
#...#.# #.......#...#
#...#.. #M......#...#
#...######.∩.....#...#
#...#..Z..Z..'####...#
#...#.####...#!?!#...#


You could see a mummy.

Vanquished Creatures
  2 centaur zombies (Ossuary)
  Crazy Yiuf (D:3)
  Terence (D:3)
  5 adders
  An adder zombie (Ossuary)
  A giant gecko (D:3)
  2 ball pythons (D:1)
  2 giant cockroaches
  2 goblins
  4 hobgoblins
  8 jackals
  2 kobolds
  5 bats
  A giant newt (D:2)
  3 hobgoblin zombies (Ossuary)
  A jackal zombie (Ossuary)
  3 kobold zombies (Ossuary)
  4 orc zombies (Ossuary)
  6 rats
  2 rat zombies (Ossuary)
56 creatures vanquished.

Vanquished Creatures (collateral kills)
  A human zombie (Ossuary)
  A mummy (Ossuary)
  2 adder zombies (Ossuary)
  8 hobgoblin zombies (Ossuary)
  A jackal zombie (Ossuary)
  3 kobold zombies (Ossuary)
  4 orc zombies (Ossuary)
20 creatures vanquished.

Grand Total: 76 creatures vanquished

Notes
Turn   | Place    | Note
--------------------------------------------------------------
     0 | D:1      | Gagarin the Deep Elf Necromancer began the quest for the Orb.
     0 | D:1      | Reached XP level 1. HP: 10/10 MP: 6/6
     2 | D:1      | Noticed an elf
     4 | D:1      | Noticed a merfolk
     4 | D:1      | Noticed a spriggan
     6 | D:1      | Noticed a naga
     6 | D:1      | Noticed a troll
     8 | D:1      | Noticed a vine stalker
     8 | D:1      | Noticed a dwarf
    10 | D:1      | Noticed a ghoul
    13 | D:1      | Noticed a centaur
    13 | D:1      | Noticed a vampire
    15 | D:1      | Noticed a draconian
    17 | D:1      | Noticed a human
    19 | D:1      | Noticed a tengu
    19 | D:1      | Noticed an octopode
    21 | D:1      | Noticed a demigod
    21 | D:1      | Noticed a formicid
    23 | D:1      | Noticed a minotaur
    23 | D:1      | Noticed a halfling
    26 | D:1      | Noticed a demonspawn
    26 | D:1      | Noticed a gargoyle
    28 | D:1      | Noticed an ogre
    28 | D:1      | Noticed a felid
   219 | D:1      | Reached skill level 5 in Necromancy
   312 | D:1      | Reached XP level 2. HP: 12/15 MP: 5/8
  1048 | D:2      | Reached XP level 3. HP: 19/19 MP: 6/9
  1389 | D:2      | Noticed Sigmund
  1557 | D:3      | Noticed Gagarin's ghost (amateur OgWz)
  1583 | D:3      | Reached XP level 4. HP: 15/24 MP: 6/12
  1593 | D:3      | Learned a level 4 spell: Animate Dead
  1693 | D:3      | Found a shattered altar of Ashenzari.
  1821 | D:3      | Noticed Terence
  1843 | D:3      | Killed Terence
  1843 | D:3      | Reached skill level 6 in Necromancy
  2035 | D:3      | Noticed Crazy Yiuf
  2042 | D:3      | Learned a level 3 spell: Vampiric Draining
  2048 | D:3      | HP: 1/24 [Crazy Yiuf/quarterstaff of chaos (8)]
  2050 | D:3      | Killed Crazy Yiuf
  2259 | D:4      | Learned a level 4 spell: Control Undead
  2289 | D:4      | Reached skill level 5 in Spellcasting
  2311 | D:4      | Found a sand-covered staircase.
  2319 | Ossuary  | Entered an ossuary
  2382 | Ossuary  | Reached XP level 5. HP: 28/28 MP: 4/14
  2617 | Ossuary  | Slain by a mummy

Vault maps used:
D:1:      kb_arrival_jail
D:2:      uniq_sigmund
D:3:      marbit_many_paths, lemuel_round_altar, first_bread,
          uniq_crazy_yiuf_cottage, uniq_terence
D:4:      minmay_temple_entry_statues_pillars, enter_ossuary_4,
          minmay_misc_feat_diagonals, uniq_purgy
Ossuary:  ossuary_tomb_1

Action                   |  1- 3 |  4- 6 || total
-------------------------+-------+-------++-------
Melee: Dagger            |     1 |    56 ||    57
 Cast: Pain              |    47 |    20 ||    67
       Control Undead    |       |     9 ||     9
       Animate Dead      |       |     3 ||     3
       Vampiric Draining |       |     3 ||     3
  Use: Scroll            |       |     6 ||     6
  Eat: Chunk             |     2 |     1 ||     3
       Pizza             |       |     1 ||     1
       Beef jerky        |       |     1 ||     1
